 Dungeon Crawl Stone Soup version 0.21.1-1-g345015fe64 (webtiles) character file.

37 DildoBatman the Vexing (level 3, -2/27 HPs)
             Began as a Formicid Enchanter on Apr 17, 2018.
             Slain by a kobold
             ... wielding a +0 hand axe
              (4 damage)
             ... on level 2 of the Dungeon.
             The game lasted 00:02:08 (906 turns).

DildoBatman the Vexing (Formicid Enchanter)          Turns: 906, Time: 00:02:09

Health: -2/27      AC:  3    Str: 13    XL:     3   Next: 60%
Magic:  5/6        EV: 12    Int: 14    God:
Gold:   45         SH:  0    Dex: 11    Spells: 2/6 levels left

rFire    . . .     SeeInvis +   a - +4 spear
rCold    . . .     Gourm    .   (no shield)
rNeg     . . .     Faith    .   l - +0 robe
rPois    .         Spirit   .   (helmet unavailable)
rElec    .         Reflect  .   (no cloak)
rCorr    .         Harm     .   j - +0 pair of gloves
MR       .....                  (no boots)
Stlth    ++........             (no amulet)
HPRegen  0.09/turn              (no ring)
MPRegen  0.10/turn              (no ring)

@: very slightly contaminated
A: permanent stasis, dig shafts and tunnels, four strong arms, antennae 3
a: Dig, Shaft Self


You were on level 2 of the Dungeon.
You were not hungry.

You visited 1 branch of the dungeon, and saw 2 of its levels.

You collected 45 gold pieces.

Inventory:

Hand Weapons
 a - a +4 spear (weapon)
 b - a +1 dagger of venom
 m - a cursed -3 short sword
Missiles
 g - 58 stones (quivered)
Armour
 h - a +0 buckler
 j - a +0 pair of gloves (worn)
 l - a +0 robe (worn)
Scrolls
 e - 3 scrolls of fog {unknown}
 i - a scroll of amnesia {unknown}
 k - a scroll of blinking {unknown}
Potions
 d - a potion of brilliance {unknown}
Books
 c - a book of Maledictions

   Spells                             Type                      Level
   a - Corona                         Hexes                        1
   b - Ensorcelled Hibernation        Hexes/Ice                    2
   c - Confuse                        Hexes                        3
   d - Tukima's Dance                 Hexes                        3
   e - Dazzling Spray                 Conjuration/Hexes            3
Comestibles
 v - 2 rations


   Skills:
 * Level 2.1 Fighting
 - Level 1.0 Short Blades
 * Level 1.9 Polearms
 - Level 1.7 Dodging
 - Level 3.6 Stealth
 - Level 2.1 Spellcasting
 - Level 3.6 Hexes


You had 2 spell levels left.
You knew the following spells:

 Your Spells              Type           Power        Failure   Level  Hunger
a - Corona                Hex            ##.....      5%          1    #......
b - Confuse               Hex            ##......     16%         3    ###....


Dungeon Overview and Level Annotations

Branches:
Dungeon (2/15)

Altars:


Innate Abilities, Weirdness & Mutations

You cannot be hasted, slowed, berserked, paralysed or teleported.
You can dig through walls and to a lower floor.
Your four strong arms can wield two-handed weapons with a shield.
You have a pair of large antennae on your head. (SInv)


Message History

You are very lightly contaminated with residual magic.
Nothing appears to happen.
The kobold shouts!
Attack whom?
Press: ? - help, Dir - move target cursor, f/p - kobold
Aim: a kobold, wielding a hand axe You reach to attack!
You completely miss the kobold. You barely miss the kobold.
The kobold hits you with a hand axe!
You barely miss the kobold. The kobold hits you with a hand axe.
You miss the kobold. The kobold hits you with a hand axe.
You closely miss the kobold. The kobold barely misses you.
You hit the kobold.
The kobold is heavily wounded.
The kobold hits you with a hand axe.
You die...

############
#...#...?...
#...#.?...#
#...#.....#
#...#.....#
#...#.....#
#..K#.....#####
#...@..........
#..<..#.....##
##.)..#.....#
#....#..)..####
#....#..........
#....#%####.....
.....#<# ....
....?.### ... ..


You could see a kobold.

Vanquished Creatures
  2 dart slugs (D:1)
  A giant cockroach (D:1)
  2 goblins
  5 hobgoblins (D:1)
  10 kobolds
  4 bats (D:1)
  A frilled lizard (D:1)
  4 rats (D:1)
29 creatures vanquished.

Notes
Turn   | Place    | Note
-------+----------+-------------------------------------------
     0 | D:1      | DildoBatman the Formicid Enchanter began the quest for the Orb.
     0 | D:1      | Reached XP level 1. HP: 13/13 MP: 3/3
    94 | D:1      | Reached skill level 1 in Fighting
    94 | D:1      | Reached XP level 2. HP: 14/21 MP: 5/5
   110 | D:1      | Reached skill level 1 in Polearms
   458 | D:1      | Reached XP level 3. HP: 27/27 MP: 6/6
   469 | D:1      | Learned a level 3 spell: Confuse
   906 | D:2      | Slain by a kobold

Skill      XL: |  1  2  3 |
---------------+----------+-----
Fighting       | 1 2 |  2.1
Polearms       | 1 |  1.9
Short Blades   | |  1.0
Dodging        | |  1.7
Stealth        | |  3.6
Spellcasting   | |  2.1
Hexes          | |  3.6

Action                   || total
-------------------------++-------
Melee: Spear             ||    69
 Cast: Corona            ||     4
 Stab: Sleeping          ||     5
Armor: Robe              ||     8
Dodge: Dodged            ||    18
